[Event "CZE-ch U14 Girls 2020"]
[Site "Kouty nad Desnou"]
[Date "2020.03.09"]
[Round "4.12"]
[White "Martinkova, Magdalena"]
[Black "Fizerova, Lucie"]
[Result "1-0"]
[ECO "B89"]
[WhiteElo "1473"]
[BlackElo "1574"]
[Annotator "NA"]
[PlyCount "72"]
[EventDate "2020.03.07"]
[EventCountry "CZE"]
[SourceTitle "playchess.com"]
[Source "ChessBase"]
[SourceQuality "1"]
[TimeControl "5400+30"]

1. e4 c5 2. Nf3 d6 3. d4 cxd4 4. Nxd4 Nf6 5. Nc3 Nc6 6. Bc4 e6 7. Be3 Be7 8. Bb3 O-O 9. Qe2 a6 10. O-O-O Qc7 11. Rhg1 Na5 12. Kb1 b5 13. f3 Nxb3 14. cxb3 Bd7 15. Rc1 Qb7 16. g4 Rfb8 17. g5 Ne8 18. h4 a5 19. h5 b4 20. Na4 Bxa4 21. bxa4 b3 22. a3 Qd7 23. Nc6 Rc8 24. Nxe7+ Qxe7 25. g6 Rxc1+ 26. Bxc1 fxg6 27. hxg6 h6 28. Qb5 Qa7 29. Rd1 Rb8 30. Qc4 Qe7 31. Bf4 Kh8 32. Rd3 e5 33. Rxb3 Rd8 34. Bd2 Nf6 35. Bxa5 Ra8 36. Qc7 Qf8 1-0

[Event "CZE-ch U14 Girls 2020"]
[Site "Kouty nad Desnou"]
[Date "2020.03.09"]
[Round "4.13"]
[White "Trasakova, Adela"]
[Black "Zelbova, Lada"]
[Result "1-0"]
[ECO "D77"]
[WhiteElo "1639"]
[BlackElo "1646"]
[Annotator "NA RC"]
[PlyCount "139"]
[EventDate "2020.03.07"]
[EventCountry "CZE"]
[SourceTitle "playchess.com"]
[Source "ChessBase"]
[SourceQuality "1"]
[TimeControl "5400+30"]

1. d4 Nf6 2. Nf3 g6 3. c4 Bg7 4. g3 O-O 5. Bg2 e6 6. O-O d5 7. Bg5 h6 8. Bf4 Kh7 9. Nc3 c6 10. Qc2 Nbd7 11. c5 Ne8 12. b4 f5 13. e3 Qe7 14. Be5 g5 15. a4 g4 16. Bxg7 Qxg7 17. Nh4 Nef6 18. b5 Ne4 19. Bxe4 fxe4 20. Nxe4 dxe4 21. Qxe4+ Kg8 22. Qxe6+ Kh7 23. Qe4+ Kg8 24. bxc6 bxc6 25. Qxc6 Rb8 26. Qe6+ Kh7 27. Qe4+ Kg8 28. Rab1 Nf6 29. Qg6 Bb7 30. Qxg7+ Kxg7 31. Nf5+ Kg6 32. Nh4+ Kh7 33. Ng2 Be4 34. Rxb8 Rxb8 35. Rc1 Bc6 36. a5 Rb5 37. Ra1 Kg6 38. Nf4+ Kf5 39. Nd3 Ke6 40. Ne5 Bd5 41. Rc1 Ke7 42. c6 Rb8 43. c7 Rc8 44. Nc6+ Kd7 45. Nxa7 Rxc7 46. Rxc7+ Kxc7 47. Nb5+ Kb7 48. Nc3 Bf3 49. Kf1 Ka6 50. Ke1 Kxa5 51. Kd2 Ne4+ 52. Kd3 Nxc3 53. Kxc3 Kb5 54. Kd3 Kc6 55. e4 Kd6 56. Ke3 Ke7 57. d5 Kd7 58. Kf4 Kd6 59. Kf5 Kc5 60. Ke5 Be2 61. d6 Bb5 62. Ke6 Kd4 63. d7 Bxd7+ 64. Kxd7 Ke5 65. Ke7 h5 66. Kf7 Kxe4 67. Kg6 h4 68. gxh4 Kf3 69. Kg5 Kxf2 70. Kxg4 1-0

[Event "CZE-ch U14 Girls 2020"]
[Site "Kouty nad Desnou"]
[Date "2020.03.09"]
[Round "4.14"]
[White "Voriskova, Anna"]
[Black "Markova, Karolina"]
[Result "1-0"]
[ECO "A36"]
[WhiteElo "1820"]
[BlackElo "1497"]
[Annotator "NA"]
[PlyCount "99"]
[EventDate "2020.03.07"]
[EventCountry "CZE"]
[SourceTitle "playchess.com"]
[Source "ChessBase"]
[SourceQuality "1"]
[TimeControl "5400+30"]

1. c4 Nf6 2. Nc3 g6 3. g3 Bg7 4. Bg2 d6 5. e4 O-O 6. Nge2 c5 $11 7. O-O Nc6 8. d3 Rb8 9. Rb1 a6 10. a3 b5 11. cxb5 axb5 12. b4 cxb4 13. axb4 Qc7 14. Bd2 Ne5 15. Qc2 Bd7 16. Rfc1 Rfc8 17. Bf4 Nh5 18. Qd2 Nxf4 19. gxf4 Nc6 20. Qe3 Qd8 21. d4 e5 22. dxe5 dxe5 23. Nd5 exf4 24. Nexf4 Be5 25. Nd3 Bg7 26. Nc5 Nd4 27. Rd1 Nc2 28. Qg3 Be6 29. e5 Qe8 30. Qb3 Bf5 31. Be4 Bxe4 32. Nxe4 Qxe5 33. Nc5 Qg5+ 34. Kf1 Nd4 35. Rxd4 Bxd4 36. Ne4 Qh4 37. Qd3 Bg7 38. Rd1 Rd8 39. Qc2 Rbc8 40. Nc5 Qh3+ 41. Kg1 Qg4+ 42. Kf1 Kh8 43. Qd2 Qh3+ 44. Kg1 Be5 45. f4 Qg4+ 46. Kh1 Bxf4 47. Qd4+ Kg8 48. Nf6+ Kf8 49. Ncd7+ Rxd7 50. Nxd7+ 1-0

[Event "CZE-ch U14 Girls 2020"]
[Site "Kouty nad Desnou"]
[Date "2020.03.09"]
[Round "4.15"]
[White "Hosova, Sandra"]
[Black "Pejrimovska, Viola Ruby"]
[Result "1/2-1/2"]
[ECO "E94"]
[WhiteElo "1297"]
[BlackElo "1600"]
[Annotator "NA RC"]
[PlyCount "178"]
[EventDate "2020.03.07"]
[EventCountry "CZE"]
[SourceTitle "playchess.com"]
[Source "ChessBase"]
[SourceQuality "1"]
[TimeControl "5400+30"]

1. d4 Nf6 2. c4 g6 3. Nf3 Bg7 4. Nc3 O-O 5. e4 d6 6. Be2 Nbd7 7. O-O e5 8. h3 h6 9. Be3 Re8 10. Qd3 b6 11. b4 Bb7 12. d5 Kh7 13. Rfd1 Nh5 14. g3 Rf8 15. Nh4 Nhf6 16. Rac1 Ng8 17. Kh2 Ne7 18. Rg1 Kh8 19. Qd2 Kh7 20. Qd3 Kh8 21. Qd2 Kh7 22. Qd3 Nf6 23. g4 Rh8 24. Nf3 Kg8 25. Rh1 Bc8 26. Rcg1 Qd7 27. Kg2 g5 28. Nd2 Ng6 29. Kf1 a6 30. f3 Kf8 31. Kf2 Ke7 32. Nf1 Nf4 33. Bxf4 gxf4 34. Nh2 Bb7 35. Bf1 Rag8 36. Bg2 h5 37. Nf1 Bf8 38. Nd2 Bh6 39. Nb3 Ra8 40. Bf1 Bf8 41. g5 Ng8 42. g6 fxg6 43. Rxg6 Nf6 44. Rhg1 Qe8 45. c5 Qf7 46. cxb6 cxb6 47. b5 Bh6 48. Na4 Rhg8 49. R6g2 Nd7 50. Rxg8 Rxg8 51. bxa6 Bg5 52. Ke2 Ba8 53. Qb5 Qe8 54. Nxb6 Nxb6 55. Qxb6 Kf7 56. Qxd6 Qe7 57. Qxe7+ Bxe7 58. Rxg8 Kxg8 59. Na5 Bd6 60. Nc6 Kf8 61. Kd3 Ke8 62. Kc4 Kd7 63. Kb5 Kc7 64. a4 h4 65. a5 Bxc6+ 66. dxc6 Kb8 67. Bc4 Bc7 68. Be6 Bd6 69. Bc4 Ka7 70. Be6 Bc7 71. Kc5 Kxa6 72. Bd7 Kxa5 73. Bc8 Bb8 74. Bb7 Bc7 75. Kd5 Kb6 76. Ke6 Bb8 77. Kf5 Bd6 78. Kg5 Be7+ 79. Kf5 Bd6 80. Ke6 Bc7 81. Kd7 Bb8 82. Ke6 Bc7 83. Kf6 Bd6 84. Kg5 Be7+ 85. Kg4 Bd8 86. Kh5 Be7 87. Kg6 Bd8 88. Kf7 Bc7 89. Kf6 Bd6 1/2-1/2

[Event "CZE-ch U14 Girls 2020"]
[Site "Kouty nad Desnou"]
[Date "2020.03.09"]
[Round "4.16"]
[White "Sulcova, Tereza Radmila"]
[Black "Rezna, Hedvika"]
[Result "1-0"]
[ECO "C28"]
[WhiteElo "1555"]
[BlackElo "1242"]
[Annotator "NA"]
[PlyCount "83"]
[EventDate "2020.03.07"]
[EventCountry "CZE"]
[SourceTitle "playchess.com"]
[Source "ChessBase"]
[SourceQuality "1"]
[TimeControl "5400+30"]

1. e4 e5 2. Nc3 Nc6 3. Bc4 Nf6 4. d3 Bb4 5. f4 d6 6. Nf3 Bg4 7. h3 Bd7 8. O-O Qe7 9. a3 Bc5+ 10. Kh1 O-O-O 11. b4 Bb6 12. Nd5 Nxd5 13. Bxd5 a6 14. c4 Nb8 15. Ng5 Be8 16. fxe5 Qxe5 17. Rb1 f6 18. Be6+ Nd7 19. Bf4 Qc3 20. Rb3 Qd4 21. Nf3 Bh5 22. g4 Bg6 23. Nxd4 Bxd4 24. Qc2 h5 25. g5 Rde8 26. Bxd7+ Kxd7 27. c5 dxc5 28. bxc5 Rhf8 29. Rbb1 fxg5 30. Qa4+ Kc8 31. Qxd4 gxf4 32. Qd5 c6 33. Qg5 Rf6 34. Rxf4 Rxf4 35. Qxf4 Rd8 36. Qf1 Rd7 37. Rb4 Rf7 38. Qe2 Kb8 39. e5 h4 40. e6 Re7 41. d4 Bf5 42. Qe5+ 1-0

[Event "CZE-ch U14 Girls 2020"]
[Site "Kouty nad Desnou"]
[Date "2020.03.09"]
[Round "4.17"]
[White "Vankova, Marie"]
[Black "Glasbergerova, Lucie"]
[Result "1-0"]
[ECO "C50"]
[WhiteElo "1367"]
[BlackElo "1203"]
[Annotator "NA"]
[PlyCount "38"]
[EventDate "2020.03.07"]
[EventCountry "CZE"]
[SourceTitle "playchess.com"]
[Source "ChessBase"]
[SourceQuality "1"]
[TimeControl "5400+30"]

1. e4 e5 2. Nf3 Nc6 3. Bc4 Bc5 4. O-O Nf6 5. d4 Bxd4 6. Nxd4 Nxd4 7. f4 d6 8. fxe5 dxe5 9. Bg5 Qd6 10. Bxf6 gxf6 11. c3 Qc5 12. Bxf7+ Kxf7 13. Qh5+ Ke7 14. cxd4 Qxd4+ 15. Rf2 Qxe4 16. Nc3 Qd4 17. Rd1 Qc4 18. Nd5+ Kf8 19. Rxf6+ Kg8 1-0

[Event "CZE-ch U14 Girls 2020"]
[Site "Kouty nad Desnou"]
[Date "2020.03.09"]
[Round "4.18"]
[White "Jirotova, Eliska"]
[Black "Spacilova, Klara"]
[Result "1-0"]
[ECO "C45"]
[WhiteElo "1333"]
[BlackElo "1188"]
[Annotator "NA"]
[PlyCount "71"]
[EventDate "2020.03.07"]
[EventCountry "CZE"]
[SourceTitle "playchess.com"]
[Source "ChessBase"]
[SourceQuality "1"]
[TimeControl "5400+30"]

1. e4 e5 2. Nf3 Nc6 3. d4 exd4 4. Nxd4 Qh4 5. Nc3 Bb4 6. Be2 Qxe4 7. Ndb5 Bxc3+ 8. bxc3 Kd8 9. O-O Nge7 10. Re1 Qd5 11. Nd4 Re8 12. Bf3 Qd6 13. a4 Nxd4 14. cxd4 Nc6 15. Bxc6 Rxe1+ 16. Qxe1 Qxc6 17. Qe2 d6 18. c4 Bf5 19. c5 Kd7 20. cxd6 Qxd6 21. Ba3 Qe6 22. Qb5+ Kc8 23. Rc1 c6 24. d5 Qe5 25. Qc5 Kd8 26. Rd1 Qe4 27. dxc6+ Kc7 28. cxb7+ Kxb7 29. Qb5+ Kc7 30. Bd6+ Kc8 31. Qa6+ Kd7 32. Bb4+ Ke8 33. Re1 Rb8 34. Rxe4+ Bxe4 35. Qd6 Rb6 36. Qe7# 1-0

[Event "CZE-ch U14 Girls 2020"]
[Site "Kouty nad Desnou"]
[Date "2020.03.09"]
[Round "4.19"]
[White "Nagyova, Daniela"]
[Black "Stribna, Julie"]
[Result "1-0"]
[ECO "C54"]
[WhiteElo "1560"]
[BlackElo "1046"]
[Annotator "NA"]
[PlyCount "64"]
[EventDate "2020.03.07"]
[EventCountry "CZE"]
[SourceTitle "playchess.com"]
[Source "ChessBase"]
[SourceQuality "1"]
[TimeControl "5400+30"]

1. e4 e5 2. Nf3 Nc6 3. Bc4 Bc5 4. c3 Nf6 5. d4 exd4 6. e5 d5 7. Bb5 Ne4 8. cxd4 Bb6 9. Nc3 O-O 10. O-O Bg4 11. Bxc6 bxc6 12. Be3 f6 13. exf6 Qxf6 14. Rc1 Bxf3 15. Qxf3 Qxf3 16. gxf3 Nxc3 17. Rxc3 Rxf3 18. Rxc6 Raf8 19. b4 Rh3 20. a4 a5 21. bxa5 Bxa5 22. Rc5 Ra8 23. Rxd5 Rf3 24. Ra1 Rff8 25. Rb5 Rfd8 26. d5 Rd7 27. Kg2 Kf7 28. Kf3 Bb6 29. a5 Ba7 30. a6 Bxe3 31. fxe3 Rd6 32. a7 Rdd8 1-0

[Event "CZE-ch U14 Girls 2020"]
[Site "Kouty nad Desnou"]
[Date "2020.03.09"]
[Round "4.23"]
[White "Ticha, Sofie"]
[Black "Nespora, Tatana"]
[Result "1-0"]
[ECO "B33"]
[WhiteElo "1216"]
[BlackElo "1310"]
[Annotator "NA"]
[PlyCount "57"]
[EventDate "2020.03.07"]
[EventCountry "CZE"]
[SourceTitle "playchess.com"]
[Source "ChessBase"]
[SourceQuality "1"]
[TimeControl "5400+30"]

1. e4 c5 2. Nf3 Nc6 3. d4 cxd4 4. Nxd4 Nf6 5. Nc3 e5 6. Nf3 Bb4 7. Bg5 O-O 8. Bc4 d6 9. O-O Bxc3 10. bxc3 Bg4 11. Rb1 Qd7 12. Qd3 Kh8 13. Rfd1 Rad8 14. h3 Bh5 15. Rd2 Bg6 16. Re1 Ne7 17. Bb5 Qc7 18. Nh4 d5 19. Nxg6+ fxg6 20. exd5 Nexd5 21. Qc4 Qb8 22. Qb3 Nf4 23. Rxd8 Rxd8 24. Qf7 Rf8 25. Qe7 a6 26. Ba4 b5 27. Bb3 Re8 28. Qxf6 Qb7 29. Qxf4 1-0

[Event "CZE-ch U14 Girls 2020"]
[Site "Kouty nad Desnou"]
[Date "2020.03.10"]
[Round "5.12"]
[White "Martinkova, Magdalena"]
[Black "Trasakova, Adela"]
[Result "1-0"]
[ECO "B14"]
[WhiteElo "1473"]
[BlackElo "1639"]
[Annotator "NA"]
[PlyCount "76"]
[EventDate "2020.03.07"]
[EventCountry "CZE"]
[SourceTitle "playchess.com"]
[Source "ChessBase"]
[SourceQuality "1"]
[TimeControl "5400+30"]

1. e4 c6 2. d4 d5 3. exd5 cxd5 4. c4 Nf6 5. Nc3 Nc6 6. Bg5 e6 7. Nf3 Be7 8. c5 Ne4 9. Bxe7 Qxe7 10. Rc1 O-O 11. Bb5 Bd7 12. O-O f5 13. Re1 a6 14. Bxc6 Bxc6 15. Na4 Rf6 16. Nb6 Raf8 17. b4 Rh6 18. a4 g5 19. Ne5 g4 20. Rxe4 dxe4 21. Qb3 Qg5 22. Rb1 f4 23. b5 f3 24. bxc6 Qh4 25. gxf3 Qxh2+ 26. Kf1 gxf3 27. Ke1 Qg1+ 28. Kd2 Qxf2+ 29. Kc3 Qe3+ 30. Kc4 Qe2+ 31. Kb4 bxc6 32. Nbd7 a5+ 33. Ka3 f2 34. Qg3+ Rg6 35. Nxg6 Rf3+ 36. Qxf3 Qxf3+ 37. Ka2 Qe2+ 38. Ka3 Qd3+ 1-0

[Event "CZE-ch U14 Girls 2020"]
[Site "Kouty nad Desnou"]
[Date "2020.03.10"]
[Round "5.13"]
[White "Sulcova, Tereza Radmila"]
[Black "Voriskova, Anna"]
[Result "0-1"]
[ECO "A47"]
[WhiteElo "1555"]
[BlackElo "1820"]
[Annotator "NA"]
[PlyCount "76"]
[EventDate "2020.03.07"]
[EventCountry "CZE"]
[SourceTitle "playchess.com"]
[Source "ChessBase"]
[SourceQuality "1"]
[TimeControl "5400+30"]

1. d4 Nf6 2. Nf3 b6 3. e3 g6 4. Bd3 Bb7 5. Nbd2 c5 6. O-O Bg7 7. c4 {[%emt 0:02:18] A47: 1 d4 Nf6 2 Nf3 b6: Torre, London and Colle Systems.} O-O 8. b3 cxd4 9. exd4 d5 10. Bb2 Nc6 11. a3 e6 12. Rc1 Rc8 13. Re1 {[%emt 0:07:23] [#]} Rc7 $146 ({Predecessor:} 13... Nh5 14. cxd5 Qxd5 15. Be4 Qd7 16. Nc4 Rfd8 17. Bxc6 Qxc6 18. Na5 Qd5 19. Nxb7 Qxb7 {0-1 (36) Russell,C (2169)-Zhou,Y (2434) London 2018}) 14. c5 Nd7 15. cxb6 axb6 16. b4 Re8 17. Ne5 f6 18. Nxc6 Bxc6 19. Qc2 Rc8 $1 20. Ba6 Bb7 21. Qd3 Bxa6 22. Qxa6 Bh6 23. Rxc8 Qxc8 24. Qd3 Qb7 25. Nf3 Kf7 26. h4 Qc6 27. h5 Rc8 28. hxg6+ hxg6 29. Qe2 Rh8 30. Nh4 Bg5 31. Nf3 Bh6 $1 32. Nh4 b5 33. Qg4 Rg8 34. Qe2 (34. a4 $5) 34... Nb6 35. g4 ({Better is} 35. g3 $15) 35... Nc4 36. Nf3 {[%emt 0:00:25] [#]} Rh8 $1 37. Kg2 $19 (37. g5 $17 Nxb2 38. Qxb2 Bxg5 39. Nxg5+ fxg5 40. Qd2) 37... Bf4 38. Qc2 Ne3+ 0-1

[Event "CZE-ch U14 Girls 2020"]
[Site "Kouty nad Desnou"]
[Date "2020.03.10"]
[Round "5.14"]
[White "Fizerova, Lucie"]
[Black "Vankova, Marie"]
[Result "1-0"]
[ECO "D00"]
[WhiteElo "1574"]
[BlackElo "1367"]
[Annotator "NA"]
[PlyCount "85"]
[EventDate "2020.03.07"]
[EventCountry "CZE"]
[SourceTitle "playchess.com"]
[Source "ChessBase"]
[SourceQuality "1"]
[TimeControl "5400+30"]

1. d4 d5 2. Bf4 Nf6 3. e3 c5 4. c3 Qb6 5. Qb3 c4 6. Qc2 Nc6 7. Nd2 Bg4 8. Ngf3 Bh5 9. b3 Bg6 10. Qd1 cxb3 11. axb3 e6 12. Be2 Be7 13. O-O O-O 14. h3 h6 15. b4 a6 16. Qc1 Rac8 17. Qb2 Na7 18. Ne5 Bh7 19. Rfc1 Rfd8 20. Nb3 Nd7 21. Nxd7 Rxd7 22. Qd2 Rdd8 23. Nc5 Bxc5 24. dxc5 Qc6 25. Rd1 Qe8 26. Qb2 Nc6 27. Rac1 f6 28. Bg3 Qf7 29. c4 dxc4 30. Bxc4 Ne7 31. Qb3 Nd5 32. f3 Re8 33. e4 Nc7 34. Rd6 Kh8 35. Rcd1 Bg8 36. Rd7 Re7 37. Qa4 Qf8 38. Bd6 Rxd7 39. Bxf8 Rxd1+ 40. Qxd1 Rxf8 41. Qd7 Rf7 42. Qc8 b5 43. cxb6 1-0

[Event "CZE-ch U14 Girls 2020"]
[Site "Kouty nad Desnou"]
[Date "2020.03.10"]
[Round "5.15"]
[White "Hosova, Sandra"]
[Black "Jirotova, Eliska"]
[Result "1-0"]
[ECO "B21"]
[WhiteElo "1297"]
[BlackElo "1333"]
[Annotator "NA"]
[PlyCount "71"]
[EventDate "2020.03.07"]
[EventCountry "CZE"]
[SourceTitle "playchess.com"]
[Source "ChessBase"]
[SourceQuality "1"]
[TimeControl "5400+30"]

1. e4 c5 2. d4 cxd4 3. c3 dxc3 4. Nxc3 Nc6 5. Bc4 Nf6 6. Nf3 d6 7. e5 dxe5 8. Qxd8+ Nxd8 9. Nb5 Nc6 10. Nc7+ Kd8 11. Nxa8 e6 12. Ng5 Bb4+ 13. Bd2 Bxd2+ 14. Kxd2 Ke7 15. Rad1 Bd7 16. Nc7 a6 17. f3 Nd4 18. Nxa6 bxa6 19. Bxa6 Nd5 20. Bc4 f5 21. Rhe1 Kf6 22. Nh3 h5 23. f4 Nxf4 24. Nxf4 exf4 25. b3 Bc6 26. Kc1 e5 27. Rxd4 exd4 28. Re6+ Kf7 29. Rh6+ Ke7 30. Rxh8 Bxg2 31. Rxh5 Kf6 32. Kd2 Be4 33. h4 f3 34. Rg5 g6 35. a4 f4 36. Bd5 1-0

[Event "CZE-ch U14 Girls 2020"]
[Site "Kouty nad Desnou"]
[Date "2020.03.10"]
[Round "5.16"]
[White "Pejrimovska, Viola Ruby"]
[Black "Markova, Karolina"]
[Result "1/2-1/2"]
[ECO "C42"]
[WhiteElo "1600"]
[BlackElo "1497"]
[Annotator "NA RC"]
[PlyCount "98"]
[EventDate "2020.03.07"]
[EventCountry "CZE"]
[SourceTitle "playchess.com"]
[Source "ChessBase"]
[SourceQuality "1"]
[TimeControl "5400+30"]

1. e4 e5 2. Nf3 Nf6 3. Nxe5 d6 4. Nf3 Nxe4 5. Nc3 Nxc3 6. dxc3 Be7 7. Bf4 O-O 8. Qd2 Nc6 9. O-O-O Be6 10. Kb1 Bf6 11. Bd3 Ne5 12. Nxe5 dxe5 13. Be3 Be7 14. Qe2 Qe8 15. Bb5 c6 16. Bd3 f5 17. f3 Qf7 18. b3 a5 19. g4 b5 20. gxf5 Bxf5 21. Bxf5 Qxf5 22. Rdf1 a4 23. b4 Qf6 24. f4 exf4 25. Bd4 Qh4 26. Qe6+ Kh8 27. Rhg1 Bf6 28. Rg4 Rae8 29. Bxf6 Qxf6 30. Qxf6 Rxf6 31. Rgxf4 Ref8 32. Rxf6 Rxf6 33. Rxf6 gxf6 34. c4 bxc4 35. Kb2 f5 36. Kc3 Kg7 37. Kxc4 Kf6 38. Kd4 Ke6 39. c4 Kd6 40. h4 h5 41. a3 Ke6 42. c5 Kf6 43. Ke3 Ke5 44. Kf3 f4 45. Ke2 Ke6 46. Kf3 Ke5 47. Ke2 Ke6 48. Kd2 Kf5 49. Ke2 Ke6 1/2-1/2

[Event "CZE-ch U14 Girls 2020"]
[Site "Kouty nad Desnou"]
[Date "2020.03.10"]
[Round "5.17"]
[White "Zelbova, Lada"]
[Black "Rezna, Hedvika"]
[Result "1-0"]
[ECO "D02"]
[WhiteElo "1646"]
[BlackElo "1242"]
[Annotator "NA"]
[PlyCount "71"]
[EventDate "2020.03.07"]
[EventCountry "CZE"]
[SourceTitle "playchess.com"]
[Source "ChessBase"]
[SourceQuality "1"]
[TimeControl "5400+30"]

1. d4 d5 2. Bf4 Nf6 3. e3 c5 4. c3 Qb6 5. Qb3 e6 6. Nd2 Nc6 7. Ngf3 Be7 8. h3 O-O 9. Ne5 Nxe5 10. Bxe5 Bd7 11. Be2 c4 12. Qc2 Rac8 13. O-O Rfd8 14. g3 Be8 15. Bxf6 Bxf6 16. Kg2 g6 17. h4 h5 18. Rh1 e5 19. Rag1 Qe6 20. Kf1 Bd7 21. g4 hxg4 22. Bxg4 Qe7 23. Bxd7 Rxd7 24. h5 e4 25. hxg6 fxg6 26. Rxg6+ Kf8 27. Qd1 Qf7 28. Qg4 Ke7 29. Rhh6 Rc6 30. Qf5 Rd8 31. Rg2 Ra6 32. Rh7 Rxa2 33. Rxf7+ Kxf7 34. Rh2 Rg8 35. Rh7+ Rg7 36. Qxd5+ 1-0

[Event "CZE-ch U14 Girls 2020"]
[Site "Kouty nad Desnou"]
[Date "2020.03.10"]
[Round "5.18"]
[White "Spacilova, Klara"]
[Black "Nagyova, Daniela"]
[Result "0-1"]
[ECO "C65"]
[WhiteElo "1188"]
[BlackElo "1560"]
[Annotator "NA"]
[PlyCount "80"]
[EventDate "2020.03.07"]
[EventCountry "CZE"]
[SourceTitle "playchess.com"]
[Source "ChessBase"]
[SourceQuality "1"]
[TimeControl "5400+30"]

1. e4 e5 2. Nf3 Nc6 3. Nc3 Nf6 4. Bb5 d6 5. O-O Be7 6. d3 Bg4 7. Qe2 O-O 8. Bxc6 bxc6 9. h3 Bh5 10. Nd1 Re8 11. c3 Bf8 12. Bg5 d5 13. g4 Bg6 14. Re1 Bd6 15. b4 Qd7 16. Nb2 Nxg4 17. hxg4 Qxg4+ 18. Kh2 Bh5 19. Rg1 Qxf3 20. Qxf3 Bxf3 21. Rae1 d4 22. Bd2 c5 23. a3 dxc3 24. Bxc3 cxb4 25. axb4 Rab8 26. Re3 Bxb4 27. Bxe5 Rxe5 28. Nc4 Rh5+ 29. Kg3 Rg5+ 30. Kh2 Rxg1 31. Kxg1 Bh5 32. d4 f6 33. f3 Rd8 34. Rb3 a5 35. d5 Bf7 36. Rb2 c6 37. Kg2 cxd5 38. exd5 Rxd5 39. Kf2 Rb5 40. Ne3 Be1+ 0-1

[Event "CZE-ch U14 Girls 2020"]
[Site "Kouty nad Desnou"]
[Date "2020.03.10"]
[Round "5.19"]
[White "Vavrinkova, Marie"]
[Black "Smajzrova, Dominika"]
[Result "1-0"]
[ECO "C48"]
[WhiteElo "1240"]
[BlackElo "1487"]
[Annotator "NA"]
[PlyCount "69"]
[EventDate "2020.03.07"]
[EventCountry "CZE"]
[SourceTitle "playchess.com"]
[Source "ChessBase"]
[SourceQuality "1"]
[TimeControl "5400+30"]

1. e4 e5 2. Nf3 Nc6 3. Bb5 Nf6 4. O-O Bc5 5. Nc3 d6 6. h3 O-O 7. d3 h6 8. Na4 Nd4 9. Nxd4 Bxd4 10. c3 c6 11. cxd4 exd4 12. Bc4 b5 13. Bb3 bxa4 14. Bxa4 Bb7 15. Qc2 c5 16. Bf4 Qe7 17. Rfe1 Nd7 18. b4 Rfc8 19. Qc4 Nb6 20. Qb3 Nxa4 21. Qxa4 c4 22. dxc4 Rxc4 23. Qb5 Rac8 24. Bxd6 Qxd6 25. Qxb7 Qxb4 26. Qxa7 d3 27. Qe3 d2 28. Red1 Rc1 29. Rdxc1 dxc1=Q+ 30. Rxc1 Rxc1+ 31. Qxc1 Qxe4 32. g4 Qf3 33. Qc8+ Kh7 34. Qf5+ Qxf5 35. gxf5 1-0

[Event "CZE-ch U14 Girls 2020"]
[Site "Kouty nad Desnou"]
[Date "2020.03.10"]
[Round "5.20"]
[White "Glasbergerova, Lucie"]
[Black "Havelkova, Beata"]
[Result "1-0"]
[ECO "B78"]
[WhiteElo "1203"]
[BlackElo "1468"]
[Annotator "NA RC"]
[PlyCount "45"]
[EventDate "2020.03.07"]
[EventCountry "CZE"]
[SourceTitle "playchess.com"]
[Source "ChessBase"]
[SourceQuality "1"]
[TimeControl "5400+30"]

1. e4 c5 2. Nf3 d6 3. d4 cxd4 4. Nxd4 Nf6 5. Nc3 g6 6. Be3 Bg7 7. Bc4 O-O 8. f3 Nc6 9. Qd2 Bd7 10. h4 h5 11. g4 Rc8 12. Bb3 Ne5 13. O-O-O Nc4 14. Bxc4 Rxc4 15. Bh6 Qa5 16. Nb3 Qb4 17. a3 Qb6 18. Bxg7 Kxg7 19. e5 Ne8 20. gxh5 f6 21. hxg6 Rh8 22. h5 Rh6 23. Qd5 1-0

[Event "CZE-ch U14 Girls 2020"]
[Site "Kouty nad Desnou"]
[Date "2020.03.10"]
[Round "5.21"]
[White "Macova, Marketa"]
[Black "Stavova, Helena"]
[Result "0-1"]
[ECO "C47"]
[WhiteElo "1025"]
[BlackElo "1146"]
[Annotator "NA RC"]
[PlyCount "38"]
[EventDate "2020.03.07"]
[EventCountry "CZE"]
[SourceTitle "playchess.com"]
[Source "ChessBase"]
[SourceQuality "1"]
[TimeControl "5400+30"]

1. e4 e5 2. Nf3 Nc6 3. d4 exd4 4. Nxd4 Nf6 5. Nc3 Bb4 6. Bg5 h6 7. Nxc6 bxc6 8. Qd4 Bxc3+ 9. Qxc3 hxg5 10. Qe3 Qe7 11. f3 d5 12. Bd3 Qe5 13. O-O-O Be6 14. Kb1 Rb8 15. b3 O-O 16. h3 dxe4 17. fxe4 Nd5 18. Qc5 Nc3+ 19. Qxc3 Qxc3 0-1

[Event "CZE-ch U14 Girls 2020"]
[Site "Kouty nad Desnou"]
[Date "2020.03.11"]
[Round "6.12"]
[White "Trasakova, Adela"]
[Black "Fizerova, Lucie"]
[Result "0-1"]
[ECO "A87"]
[WhiteElo "1639"]
[BlackElo "1574"]
[Annotator "NA RC"]
[PlyCount "90"]
[EventDate "2020.03.07"]
[EventCountry "CZE"]
[SourceTitle "playchess.com"]
[Source "ChessBase"]
[SourceQuality "1"]
[TimeControl "5400+30"]

1. d4 e6 2. c4 f5 3. Nf3 Nf6 4. g3 g6 5. Bg2 Bg7 6. O-O O-O 7. Nc3 d6 8. Qc2 Qe7 9. e4 fxe4 10. Nxe4 Nxe4 11. Qxe4 Nc6 12. Bg5 Qf7 13. Rfe1 Nxd4 14. Re3 Nc6 15. Re2 e5 16. c5 d5 17. Qh4 e4 18. Ne1 Ne5 19. h3 Bd7 20. g4 Nc4 21. Bh6 Bxh6 22. Qxh6 Rae8 23. b3 Ne5 24. Qh4 Qf4 25. Qg3 Qxg3 26. fxg3 Re7 27. Rd1 c6 28. Nc2 Nf3+ 29. Bxf3 Rxf3 30. Kg2 Rc3 31. b4 Rf7 32. Nd4 h5 33. g5 h4 34. g4 Rf4 35. Rc2 Rd3 36. Ne2 Rxg4+ 37. hxg4 Rxd1 38. Nf4 Kg7 39. Kh3 Rg1 40. Rg2 Rh1+ 41. Rh2 Rxh2+ 42. Kxh2 Bxg4 43. a4 e3 44. Kg2 d4 45. b5 h3+ 0-1

[Event "CZE-ch U14 Girls 2020"]
[Site "Kouty nad Desnou"]
[Date "2020.03.11"]
[Round "6.13"]
[White "Voriskova, Anna"]
[Black "Martinkova, Magdalena"]
[Result "1-0"]
[ECO "A25"]
[WhiteElo "1820"]
[BlackElo "1473"]
[Annotator "NA RC"]
[PlyCount "71"]
[EventDate "2020.03.07"]
[EventCountry "CZE"]
[SourceTitle "playchess.com"]
[Source "ChessBase"]
[SourceQuality "1"]
[TimeControl "5400+30"]

1. c4 e5 2. Nc3 Nc6 3. g3 g6 4. Bg2 Bg7 5. e3 f5 6. Nge2 Nf6 7. d3 O-O 8. O-O d6 9. Nd5 Nxd5 {[%emt 0:05:35] A25: English Opening vs King's Indian with ...Nc6 but without early d3.} 10. Bxd5+ Kh8 {[%emt 0:00:14] [#]} 11. Nc3 $146 ({Predecessor:} 11. Bg2 Rb8 12. Bd2 {½-½ (12) Kahn,E (2297)-Hardicsay,P (2284) Hungary 2008}) 11... Ne7 12. Bg2 g5 13. f4 gxf4 14. exf4 c6 15. Qe2 Ng6 16. Qc2 Be6 17. Bd2 {[%emt 0:07:16] [#]} (17. Ne2 $11) 17... d5 (17... exf4 $1 $17 18. Rae1 Bd7) 18. cxd5 cxd5 19. fxe5 Nxe5 20. Ne2 Qb6+ 21. Kh1 Rac8 22. Qb1 Ng4 23. d4 Bxd4 $2 (23... Bd7 $15 24. a4 Rfe8) 24. Nxd4 Qxd4 {[%emt 0:00:31] [#]} 25. Qe1 $1 ({Much less strong is} 25. Bc3 $6 Rxc3 26. bxc3 {[%mdl 64] Discovered Attack} Nf2+ 27. Rxf2 Qxf2 $14) 25... Rc2 {[%emt 0:03:40] [#]} (25... Qxb2 $16 26. Rb1 Qf6) 26. Bc3 $1 Rxc3 27. bxc3 Qf6 28. Qd2 b6 29. Rae1 Bg8 30. Bh3 Qg6 31. Qd4+ Nf6 32. Bxf5 Qh6 33. Re7 a6 34. Qxb6 Ng4 35. Qd4+ {[%emt 0:00:50] Double Attack} Nf6 36. Bd3 1-0